 Dungeon Crawl Stone Soup version 0.30-a0-1074-g5db6f66fbb (webtiles) character file.

Game seed: 5053691122385886152

87 OrthodoxDeviant the Digger (level 4, -6/33 HPs)
             Began as a Ghoul Earth Elementalist on Apr 14, 2023.
             Mangled by Natasha (8 damage)
             ... on level 1 of the Dungeon.
             The game lasted 00:03:29 (2050 turns).

OrthodoxDeviant the Digger (GhEE)                   Turns: 2050, Time: 00:03:29

Health: -6/33      AC:  3    Str: 11    XL:     4   Next: 51%
Magic:  0/7        EV: 12    Int: 12    God:
Gold:   85         SH:  0    Dex:  9    Spells: 2/8 levels left

rFire   . . .      SeeInvis .    (no weapon)
rCold   + . .      Faith    .    (no shield)
rNeg    + + +      Spirit   .    a - +0 robe
rPois   ∞          Reflect  .    (no helmet)
rElec   .          Rampage  .    (no cloak)
rCorr   .                        (no gloves)
Will    .....                    h - +0 pair of boots
Stlth   ++                       (no amulet)
HPRegen 0.00/turn                (no ring)
MPRegen 0.10/turn                (no ring)

@: inhibited regen, studying Evocations
A: claws 1, cold resistance 1, negative energy resistance 3, inhibited
regeneration, torment resistance 2, devour on kill
a: no special abilities


You were on level 1 of the Dungeon.
You visited 1 branch of the dungeon, and saw 2 of its levels.

You collected 85 gold pieces.

Inventory:

Armour
 a - a +0 robe (worn)
 h - a +0 pair of boots (worn)
Magical Staves
 g - a staff of conjuration
Scrolls
 c - a scroll of fog {unknown}
 e - 4 scrolls of teleportation {unknown}
 i - a scroll of vulnerability {unknown}
 j - a scroll of poison {unknown}
 k - a scroll of immolation {unknown}
 l - a scroll of identify {unknown}
Potions
 b - a potion of magic
 d - 2 potions of curing {unknown}
 f - a potion of resistance {unknown}


   Skills:
 - Level 1.7 Dodging
 - Level 2.1 Stealth
 + Level 2.6 Spellcasting
 * Level 1.2 Conjurations
 - Level 0.8 Transmutations
 * Level 4.5 Earth Magic


You had 2 spell levels left.
You knew the following spells:

 Your Spells              Type           Power      Damage    Failure   Level
a - Sandblast             Erth           24%        2d8       4%          1
b - Stone Arrow           Conj/Erth      16%        3d8       24%         3
c - Passwall              Tmut/Erth      6%         N/A       13%         2

Your spell library contained the following spells:

 Spells                   Type           Power      Damage    Failure   Level
 Freeze                   Ice            4%         1d3       26%         1
 Hailstorm                Conj/Ice       3%         3d3       52%         3
 Frozen Ramparts          Ice            2%         1d1       61%         3
 Petrify                  Tmut/Erth      8%         N/A       63%         4


Dungeon Overview and Level Annotations

Branches:
Dungeon (2/15)

Altars:

Annotations:
D:1 exclusion: downstairs, Natasha


Innate Abilities, Weirdness & Mutations

You are immune to poison.
You have sharp fingernails.
Your flesh is cold resistant. (rC+)
You are immune to negative energy. (rN+++)
You do not regenerate when monsters are visible.
You are immune to unholy pain and torment.
You thrive by killing the living.


Message History

Natasha growls.
Natasha casts a spell.
Natasha barely misses you.
Casting: Sandblast (safe; 4% risk of failure)
Confirm with . or Enter, or press ? or * to list all spells.
Aiming: Sandblast (safe; 4% risk of failure)
Press: ? - help, Shift-Dir - straight line, f/p - Natasha
Aim: Natasha (almost dead, 77% to hit)
The blast of sand misses Natasha.
Natasha claws you! The cerulean imp barely misses you.
Unknown command.
Casting: Sandblast (safe; 4% risk of failure)
Confirm with . or Enter, or press ? or * to list all spells.
Aiming: Sandblast (safe; 4% risk of failure)
Press: ? - help, Shift-Dir - straight line, f/p - Natasha
Aim: Natasha (almost dead, 77% to hit)
The blast of sand hits Natasha.
Natasha is almost dead.
Natasha claws you!
* * * LOW HITPOINT WARNING * * *
The cerulean imp barely misses you. Natasha closely misses you.
The cerulean imp hits you with a +2 spear!
* * * LOW HITPOINT WARNING * * *
Unknown command.
Unknown command.
Natasha closely misses you. The cerulean imp misses you.
You climb upwards.
The cerulean imp disappears in a puff of smoke!
Level annotation: exclusion: downstairs
There is a stone staircase leading down here.
Unknown command.
Casting: Sandblast (safe; 4% risk of failure)
Confirm with . or Enter, or press ? or * to list all spells.
Aiming: Sandblast (safe; 4% risk of failure)
Press: ? - help, Shift-Dir - straight line, f - Natasha
Aim: Natasha (almost dead, 77% to hit)
The blast of sand hits Natasha.
Natasha is almost dead.
Natasha claws you!
You die...

# #.....##....#..........## #.# #
####..##....#..........# #.#
########..####.#..........# #..
.......##'####.####.......# #..
.......#.......####.......# #..
.......#.........##.......# #..
.......#.......#.#........# #..
.......#.......#...#############.
...(...'........@h...............
.......#......###################
.......#......# .......#......#
.......#......# ##.#####......#
#.# ######## #.# ##.#


You could see Natasha.

Vanquished Creatures
  Natasha (twice) (D:2)
  An adder (D:2)
  3 endoplasms
  2 goblins
  5 hobgoblins
  3 jackals
  A quokka (D:1)
  A ball python (D:2)
  A bat (D:1)
  A frilled lizard (D:2)
  4 kobolds
  5 rats
29 creatures vanquished.

Notes
Turn   | Place    | Note
-------+----------+-------------------------------------------
     0 | D:1      | OrthodoxDeviant the Ghoul Earth Elementalist began the
                  | quest for the Orb.
     0 | D:1      | Reached XP level 1. HP: 14/14 MP: 2/2
   628 | D:1      | Reached XP level 2. HP: 20/20 MP: 0/4
  1266 | D:2      | Reached skill level 4 in Earth Magic
  1266 | D:2      | Reached XP level 3. HP: 22/26 MP: 0/5
  1320 | D:2      | Learned a level 3 spell: Stone Arrow
  1323 | D:2      | Learned a level 2 spell: Passwall
  1382 | D:2      | Noticed Natasha
  1407 | D:2      | Killed Natasha
  1841 | D:2      | Noticed Natasha
  1869 | D:2      | Reached XP level 4. HP: 30/33 MP: 3/6
  1902 | D:2      | Killed Natasha
  1903 | D:2      | Reached skill level 1 in Conjurations
  2025 | D:2      | Noticed Natasha
  2050 | D:1      | Mangled by Natasha

Illustrated notes

Levels and vault maps discovered:
D:1:      dpeg_arrival_tiny_a, layout_basic
D:2:      layout_rooms, serial_shops, shop, uniq_natasha, uniq_robin,
          uniq_terence

Skill      XL: |  1  2  3  4 |
---------------+-------------+-----
Spellcasting   | 2 |  2.6
Earth Magic    | 4 |  4.5
Conjurations   | 1 |  1.2
Dodging        | |  1.7
Stealth        | |  2.1
Transmutations | |  0.8

Action                     |  1- 3 |  4- 6 || total
---------------------------+-------+-------++-------
  Melee: Unarmed           |     4 |       ||     4
   Cast: Sandblast         |    39 |    16 ||    55
 Armour: Robe              |     5 |     2 ||     7
  Dodge: Dodged            |    15 |     8 ||    23

Table legend: (Time is in decaauts)
 A = Elapsed time spent in this place.
 B = Non-inter-level travel time spent in this place.
 C = Inter-level travel time spent in this place.
 D = Time resting spent in this place.
 E = Time spent auto-exploring this place.
 F = Levels seen in this place.
 G = Mean time per level.
                   A        B        C        D        E       F      G
               +--------+--------+--------+--------+--------+-----+--------+
         Total |   2088 |   1836 |    252 |    387 |   1125 |   2 | 1044.0 |
       Dungeon |   2088 |   1836 |    252 |    387 |   1125 |   2 | 1044.0 |
               +--------+--------+--------+--------+--------+-----+--------+

Top non-repeatable levels by time:
     D:1: 1268 daAuts
     D:2: 820 daAuts
